 Dungeon Crawl Stone Soup version 0.26-a0-542-gbaa144ba5c (webtiles) character file.

Game seed: 17977884790513194844

254 Eifo4Ohj9gu9Dob0ohLe the Slasher (level 5, -1/70 HPs)
             Began as a Draconian Berserker on Aug 17, 2020.
             Was a Priest of Trog.
             Succumbed to an adder's poison
             ... on level 4 of the Dungeon.
             The game lasted 00:21:15 (3762 turns).

Eifo4Ohj9gu9Dob0ohLe the Slasher (DrBe)             Turns: 3762, Time: 00:21:15

Health: -1/70      AC: 25    Str: 20    XL:     5   Next: 90%
Magic:  5/5        EV:  2    Int:  7    God:    Trog [***...]
Gold:   178        SH:  7    Dex: 11    Spells: 4/4 levels left

rFire    . . .     SeeInvis .   r - +2 mace (vorpal)
rCold    . . .     Faith    .   j - +0 kite shield {AC+3}
rNeg     + + +     Spirit   .   (armour unavailable)
rPois    +         Reflect  .   (helmet currently unavailable)
rElec    .         Harm     .   (cloak currently unavailable)
rCorr    .         NoTele   +   (gloves currently unavailable)
MR       .....                  (boots currently unavailable)
Stlth    +.........             (no amulet)
HPRegen  0.21/turn              (no ring)
MPRegen  0.09/turn              (no ring)

@: lethally poisoned (-1 -> -9), tree-form, berserk cooldown, stab, slowed, very
slow
A: unfitting armour, AC +5
a: Berserk, Trog's Hand, Renounce Religion


You were on level 4 of the Dungeon.
You worshipped Trog.
Trog was most pleased with you.
You were a tree.
You visited 1 branch of the dungeon, and saw 4 of its levels.

You collected 178 gold pieces.

Inventory:

Hand Weapons
 a - a +0 falchion
 i - a +0 dagger
 n - a +0 dagger of pain
 r - a +2 vorpal mace (weapon)
Missiles
 h - 26 sling bullets
Armour
 j - a +0 kite shield of protection (worn)
 t - a +0 tower shield
Scrolls
 b - a scroll of immolation
 d - a scroll of identify
 e - a scroll of fear {unknown}
 k - a scroll of enchant weapon {unknown}
 p - a scroll of magic mapping {unknown}
 u - a scroll of enchant armour {unknown}
Potions
 c - a potion of stabbing
 f - a potion of lignification
 g - a potion of flight {unknown}
 l - a potion of resistance {unknown}
 m - a potion of brilliance {unknown}
 o - a potion of might
 q - a potion of magic
 s - a potion of degeneration {unknown}


   Skills:
 + Level 4.5 Fighting
 + Level 4.8 Long Blades
 * Level 1.0 Maces & Flails
 + Level 3.6 Dodging
 + Level 1.0 Stealth
 + Level 0.7 Shields


You had 4 spell levels left.
You didn't know any spells.
Your spell library was empty.

Dungeon Overview and Level Annotations

Branches:
Dungeon (4/15)
 Temple: D:4-7

Altars:
Dithmenos


Innate Abilities, Weirdness & Mutations

((Your plain brown scales are hard. (AC +5)))
You cannot fit into any form of body armour.
((You are cold-blooded and may be slowed by cold attacks.))


Message History

* * * LOW HITPOINT WARNING * * *
It was a potion of magic.
Magic courses through your body.
* * * LOW HITPOINT WARNING * * *
You feel sick. You block the adder's attack.
The adder bites you but does no damage.
It was a potion of lignification.
You turn into a tree.
Your roots penetrate the ground.
* * * LOW HITPOINT WARNING * * *
You feel sick. The adder bites you but does no damage. The adder bites you.
* * * LOW HITPOINT WARNING * * *
You are more poisoned.
The adder poisons you!
You barely miss the adder.
The adder is moderately wounded.
* * * LOW HITPOINT WARNING * * *
You feel sick. The adder bites you but does no damage.
You block the adder's attack. x2
It was a potion of stabbing.
You feel ready to backstab.
You die...

#.#........
####..........
#<........#
#.#..#.##...#
#.#....# ###
#.#.##o##.#
#....ooo..#
######S####
#♣# #.# #.#
..# ###


You could see an adder and 4 orcs.

Vanquished Creatures
  An orc priest (D:3)
  A worker ant (D:4)
  Robin (D:3)
  5 adders
  3 gnolls (D:3)
  An ufetubus (D:3)
  2 leopard geckos (D:2)
  13 orcs
  2 giant cockroaches
  18 goblins
  13 hobgoblins
  4 jackals (D:3)
  7 bats
  6 frilled lizards
  6 kobolds
  9 rats
92 creatures vanquished.

Notes
Turn   | Place    | Note
-------+----------+-------------------------------------------
     0 | D:1      | Eifo4Ohj9gu9Dob0ohLe the Draconian Berserker began the
                  | quest for the Orb.
     0 | D:1      | Reached XP level 1. HP: 19/19 MP: 1/1
   339 | D:1      | Reached XP level 2. HP: 26/26 MP: 2/2
  1316 | D:2      | Reached XP level 3. HP: 33/33 MP: 3/3
  1434 | D:2      | Reached ** piety under Trog
  2368 | D:3      | Reached XP level 4. HP: 39/40 MP: 4/4
  2835 | D:3      | Noticed Robin
  2909 | D:3      | Killed Robin
  2909 | D:3      | Reached XP level 5. HP: 40/46 MP: 5/5
  3181 | D:3      | Found a shadowy altar of Dithmenos.
  3292 | D:3      | Reached *** piety under Trog
  3713 | D:3      | Reached skill level 1 in Stealth
  3757 | D:4      | Reached skill level 1 in Maces & Flails
  3760 | D:4      | HP: 2/70 [adder (2)]
  3762 | D:4      | Succumbed to an adder's poison

Illustrated notes

Levels and vault maps discovered:
D:1:      heliophobic_arrival_ceremonial_halls, layout_basic
D:2:      layout_loops_cross
D:3:      layout_loops_corners, nrook_uturn, nicolae_dithmenos_shadow_blocks,
          uniq_robin
D:4:      cheibrodos_helix_gallery, layout_loops_cross

Skill      XL: |  1  2  3  4  5 |
---------------+----------------+-----
Dodging        | 3 |  3.6
Fighting       | 4 |  4.5
Long Blades    | 4 |  4.8
Stealth        | 1 |  1.0
Maces & Flails | 1 |  1.0
Shields        | |  0.7

Action                   |  1- 3 |  4- 6 || total
-------------------------+-------+-------++-------
Melee: Falchion          |   116 |   102 ||   218
       Tailslap          |    13 |    21 ||    34
       Mace              |       |    50 ||    50
Invok: Berserk           |     1 |     2 ||     3
       Trog's Hand       |       |     1 ||     1
  Use: Scroll            |       |     4 ||     4
       Potion            |       |     3 ||     3
Armor: Skin              |    31 |    61 ||    92
Dodge: Dodged            |    97 |    97 ||   194
Block: Kite shield       |       |    28 ||    28
       Rpst.: Falchion   |    28 |    24 ||    52

Table legend: (Time is in decaauts)
 A = Elapsed time spent in this place.
 B = Non-inter-level travel time spent in this place.
 C = Inter-level travel time spent in this place.
 D = Time resting spent in this place.
 E = Time spent auto-exploring this place.
 F = Levels seen in this place.
 G = Mean time per level.
                   A        B        C        D        E       F      G
               +--------+--------+--------+--------+--------+-----+--------+
         Total |   3836 |   3663 |    173 |   1243 |    602 |   4 |  959.0 |
       Dungeon |   3836 |   3663 |    173 |   1243 |    602 |   4 |  959.0 |
               +--------+--------+--------+--------+--------+-----+--------+

Top non-repeatable levels by time:
     D:2: 1567 daAuts
     D:3: 1363 daAuts
     D:1: 862 daAuts
     D:4: 43 daAuts
